 Dungeon Crawl Stone Soup version 0.18-a0-1229-ge9a1a01 (webtiles) character file.

60337 Ghalim the Bludgeoner (level 14, 0/100 HPs)
             Began as a Gargoyle Fighter on Feb 3, 2016.
             Was the Champion of Okawaru.
             Killed from afar by a frost giant (39 damage)
             ... with a bolt of cold
             ... in an ice cave.
             The game lasted 01:09:19 (23445 turns).

Ghalim the Bludgeoner (Gargoyle Fighter)           Turns: 23445, Time: 01:09:19

Health: 0/100      AC: 41    Str: 29    XL:     14   Next: 99%
Magic:  12/14      EV: 13    Int: 12    God:    Okawaru [******]
Gold:   1383       SH:  7    Dex:  9    Spells: 0 memorised, 13 levels left

rFire  . . .     SeeInvis .     e - +1 mace of the Valley of Death {crush, Str+4}
rCold  . . .     Gourm    .     F - +0 plate armour
rNeg   + . .     Faith    .     C - +0 buckler
rPois  ∞         Spirit   .     b - +0 helmet
rElec  +         Dismiss  .     L - +1 cloak of the Old World {MR+ Int+3}
rCorr  .         Reflect  .     p - +0 pair of gloves
SustAt .         Harm     .     q - +1 pair of boots
MR     ++...                    J - amulet of regeneration
Stlth  ..........               E - +3 ring of evasion
                                t - +6 ring of protection

@: heroism, flying, very resistant to hostile enchantments, extremely unstealthy
A: big wings, negative energy resistance 1, electricity resistance, unbreathing,
petrification resistance, rot immunity, AC +9
a: Stop Flying, Heroism, Finesse, Renounce Religion


You were in an ice cave.
You worshipped Okawaru.
Okawaru was exalted by your worship.
You were near starving.

You visited 4 branches of the dungeon, and saw 19 of its levels.
You also visited: Ice Cave.

You collected 1383 gold pieces.

Inventory:

Hand Weapons
 e - the +1 mace of the Valley of Death (weapon) {crush, Str+4}
   (Okawaru gifted it to you in an ice cave)

   It inflicts extra damage upon your enemies.
   It affects your strength (+4).
Armour
 b - a +0 helmet (worn)
 p - a +0 pair of gloves (worn)
 q - a +1 pair of boots (worn)
 C - a +0 buckler (worn)
 F - a +0 plate armour (worn)
 L - the +1 cloak of the Old World (worn) {MR+ Int+3}
   (Okawaru gifted it to you on level 2 of the Lair of Beasts)

   It affects your intelligence (+3).
   It affects your resistance to hostile enchantments.
Jewellery
 a - the ring "Cenaz" {-Tele +Fly MR++ Dex+2}
   (You found it in an ice cave)

   [ring of flight]

   It affects your dexterity (+2).
   It affects your resistance to hostile enchantments.
   It lets you fly.
   It prevents most forms of teleportation.
 t - a +6 ring of protection (left hand)
 E - a +3 ring of evasion (right hand)
 J - an amulet of regeneration (around neck)
 V - an uncursed ring of sustain attributes
Wands
 c - a wand of flame (20/48)
 w - a wand of teleportation (4/9)
 y - a wand of disintegration (21/24)
Scrolls
 g - 8 scrolls of fear
 h - 2 scrolls of teleportation
 i - a scroll of summoning
 j - a scroll of identify
 l - 4 scrolls of enchant armour
 n - 4 scrolls of recharging
 o - 5 scrolls of fog
 v - 10 scrolls of remove curse
 x - 4 scrolls of magic mapping
 H - a scroll of enchant weapon
 K - a scroll of blinking {unknown}
 Q - a scroll of amnesia {unknown}
Potions
 m - 2 potions of cure mutation
 r - 5 potions of curing
 O - a potion of resistance
 U - 3 potions of heal wounds
Comestibles
 f - 8 bread rations
 k - a slice of pizza
 s - 2 fruits
 u - 12 royal jellies
 A - 3 beef jerkies
 G - 9 meat rations


   Skills:
 + Level 16.2(21.2) Fighting
 * Level 16.4(21.4) Maces & Flails
 - Level 10.0(15.0) Armour
 - Level 10.2(15.2) Shields


You had 13 spell levels left.
You didn't know any spells.

Dungeon Overview and Level Annotations

Branches:
Dungeon (9/15)             Temple (1/1) D:4            Lair (8/8) D:8
 Shoals (0/4) Lair:4        Snake (0/4) Lair:4        Slime (0/6) Lair:7
    Orc (1/2) D:9

Altars:
Ashenzari
Cheibriados
Dithmenos
Elyvilon
Fedhas
Gozag
Kikubaaqudgha
Makhleb
Nemelex Xobeh
Okawaru
Pakellas
Qazlal
Ru
Sif Muna
Trog
Vehumet
Xom
Yredelemnul
Zin
The Shining One
Jiyva

Shops:
D:7 [   D:9 !}


Innate Abilities, Weirdness & Mutations

You are resistant to torment.
Your stone body is resilient (AC +9).
You are immune to poison.
Your large and strong wings let you fly indefinitely.
You resist negative energy.
You are resistant to electric shocks.
You can survive without breathing.
You are immune to petrification.
You are immune to rotting.


Message History

You hit the frost giant but do no damage.
The frost giant is heavily wounded.
The frost giant hits you but does no damage.
You sock the frost giant!
The frost giant is heavily wounded.
You sock the frost giant!
The frost giant is severely wounded.
The frost giant hits you with a battleaxe of freezing.
The frost giant freezes you.
You hit the frost giant.
The frost giant is severely wounded.
You hit the frost giant.
The frost giant is severely wounded.
The frost giant points at you and mumbles some strange words.
The bolt of cold misses you.
You hit the frost giant.
The frost giant is almost dead.
The frost giant points at you and mumbles some strange words.
The bolt of cold hits you!
You die...

..#.≈######÷.....## ##§.h...##
.#.##≈≈##÷÷##.....####§§###...##
..####≈≈≈######....#§§§###..⌠..#
...####≈≈≈#≈≈≈####§.§### ##...##
##..##≈≈≈≈≈≈≈##).####### #..###
#..##≈≈≈≈≈≈≈##.#.####.÷####..#
..###≈≈≈≈≈≈≈≈≈≈.#h#..##.#..###
##..#≈≈≈≈≈≈≈≈#.##C.#####.###
#...##≈≈≈≈≈≈##..@### ###
###..##≈≈≈###..###
##.####≈≈≈##..## ..###≈≈≈≈####..
...##≈≈≈≈≈# ##.. .###≈≈≈≈≈≈# #.h
####≈≈≈≈≈≈#


#YY ##≈≈≈≈≈≈≈≈# .h. #≈≈≈≈≈≈≈### hC. You could see a frost giant and a polar
bear.

Vanquished Creatures
  6 hydras
  Harold (Lair:1)
  A catoblepas (Lair:8)
  Erica (D:8)
  7 death yaks
  The ghost of gg19 the Thaumaturge, a journeyman DEWz of Vehumet (Lair:3)
  Nergalle (Lair:1)
  2 lindwurms (Lair:6)
  A griffon (Lair:6)
  7 black mambas
  An ice statue (IceCv)
  Joseph (Lair:1)
  12 elephants
  17 spiny frogs
  3 fire drakes
  7 komodo dragons
  A troll (D:9)
  2 two-headed ogres (D:9)
  9 polar bears (IceCv)
  A boulder beetle (Lair:4)
  41 blink frogs
  Sigmund (D:6)
  41 yaks
  4 wyverns
  4 fire bats
  2 basilisks
  2 hungry ghosts (D:7)
  6 hippogriffs
  A steam dragon (Lair:7)
  26 wolves
  6 nagas (Lair:4)
  10 porcupines
  12 water moccasins
  8 orc warriors
  10 ice beasts
  2 phantoms (D:6)
  2 necrophages
  2 sky beasts (D:6)
  3 black bears
  5 ogres
  4 centaurs
  12 crocodiles
  A big kobold (D:8)
  19 giant frogs
  4 scorpions
  2 electric eels (Lair:2)
  2 crimson imps (D:7)
  A giant frog zombie (D:9)
  4 hounds
  A giant frog skeleton (D:9)
  4 jellies
  4 orc priests
  14 iguanas
  11 orc wizards
  7 worker ants
  2 killer bee zombies
  18 sheep
  A hound zombie (D:8)
  7 gnolls
  14 adders
  52 river rats
  2 shadow imps (D:7)
  7 oozes
  An adder skeleton (D:8)
  8 worms
  7 giant geckos
  43 orcs
  A ball python (D:2)
  5 giant cockroaches
  7 goblins
  7 hobgoblins
  7 jackals
  3 quokkas
  9 bats
  A giant gecko skeleton (D:4)
  A giant gecko zombie (D:6)
  7 giant newts
  10 kobolds
  2 quokka skeletons
  2 quokka zombies
  5 rats
  A bush (Lair:8)
  2 plants (Lair:7)
592 creatures vanquished.

Vanquished Creatures (others)
  2 polar bears (IceCv)
  2 yaks (IceCv)
  A river rat (Lair:2)
  25 fungi
  7 plants
37 creatures vanquished.

Grand Total: 629 creatures vanquished

Notes
Turn   | Place    | Note
--------------------------------------------------------------
     0 | D:1      | Ghalim the Gargoyle Fighter began the quest for the Orb.
     0 | D:1      | Reached XP level 1. HP: 14/14 MP: 1/1
   180 | D:1      | Reached XP level 2. HP: 19/19 MP: 2/2
   603 | D:1      | Reached XP level 3. HP: 24/24 MP: 3/3
   733 | D:2      | Reached skill level 4 in Fighting
  1205 | D:2      | Reached XP level 4. HP: 20/29 MP: 4/4
  2086 | D:4      | Found a staircase to the Ecumenical Temple.
  2094 | Temple   | Entered the Ecumenical Temple
  2445 | D:4      | Found a radiant altar of Vehumet.
  2467 | D:4      | Reached XP level 5. HP: 24/34 MP: 5/5
  2626 | D:4      | Found an iron altar of Okawaru.
  2633 | D:4      | Became a worshipper of Warmaster Okawaru
  2641 | D:4      | Got an ancient spear
  2665 | D:4      | Noticed an ogre
  3036 | D:4      | Noticed an ogre
  3413 | D:4      | Reached skill level 5 in Fighting
  3413 | D:4      | Reached skill level 5 in Maces & Flails
  3413 | D:4      | Reached XP level 6. HP: 38/40 MP: 6/6
  3534 | D:5      | Entered Level 5 of the Dungeon
  4185 | D:5      | Reached * piety under Okawaru
  4185 | D:5      | Reached skill level 6 in Maces & Flails
  4185 | D:5      | Reached XP level 7. HP: 35/44 MP: 7/7
  4871 | D:6      | Found a stormy altar of Qazlal.
  4937 | D:6      | Found a sparkling altar of Nemelex Xobeh.
  4952 | D:6      | Reached skill level 7 in Maces & Flails
  5005 | D:6      | Reached ** piety under Okawaru
  5103 | D:6      | Reached XP level 8. HP: 50/52 MP: 8/8
  5187 | D:6      | Reached skill level 8 in Maces & Flails
  5304 | D:6      | Noticed Sigmund
  5445 | D:6      | Found a shadowy altar of Dithmenos.
  5530 | D:6      | Killed Sigmund
  6158 | D:6      | Reached skill level 9 in Maces & Flails
  6491 | D:7      | Found a shattered altar of Ashenzari.
  6569 | D:7      | Found Haprehil's Antique Armour Emporium.
  6824 | D:7      | Reached XP level 9. HP: 56/59 MP: 6/9
  7037 | D:7      | Reached *** piety under Okawaru
  7408 | D:7      | Reached skill level 10 in Maces & Flails
  7486 | D:7      | Found a bloodstained altar of Trog.
  7635 | D:7      | Found a sacrificial altar of Ru.
  7762 | D:7      | Identified the cursed +1 spear "Noxo" {pierce, rN+} (You found it on level 4 of the Dungeon)
  7814 | D:8      | Found a staircase to the Lair.
  8408 | D:8      | Reached **** piety under Okawaru
  8414 | D:8      | Noticed Erica
  8430 | D:8      | Noticed a troll
  8599 | D:8      | Reached skill level 10 in Fighting
  8643 | D:8      | Reached XP level 10. HP: 42/68 MP: 10/10
  9480 | Lair:1   | Entered Level 1 of the Lair of Beasts
  9492 | Lair:1   | Reached skill level 11 in Maces & Flails
  9523 | Lair:1   | Noticed a spiny frog
  9538 | Lair:1   | Killed a spiny frog
  9589 | Lair:1   | Noticed Joseph
  9628 | Lair:1   | Killed Joseph
  9808 | Lair:1   | Noticed Nergalle
  9875 | D:8      | Killed Erica
 10112 | D:9      | Found Nawk's Distillery.
 10268 | D:9      | Found Lexkeeb's Gadget Emporium.
 10371 | D:9      | Found a glowing golden altar of the Shining One.
 10597 | D:9      | Reached skill level 12 in Maces & Flails
 10757 | D:9      | Reached ***** piety under Okawaru
 10765 | D:9      | Reached XP level 11. HP: 67/76 MP: 11/11
 11144 | D:9      | Reached skill level 5 in Shields
 11240 | D:9      | Reached skill level 5 in Armour
 11453 | D:9      | Found a staircase to the Orcish Mines.
 11547 | Lair:1   | Noticed a spectral orc warlord
 11568 | Lair:1   | Killed Nergalle
 11857 | Lair:1   | Noticed Harold
 11895 | Lair:1   | Killed Harold
 12737 | Lair:2   | Received a gift from Okawaru
 13422 | Lair:2   | Reached XP level 12. HP: 78/81 MP: 12/12
 13520 | Lair:2   | Reached ****** piety under Okawaru
 13686 | Lair:2   | Received a gift from Okawaru
 13687 | Lair:2   | Got a pitted cloak {god gift}
 13689 | Lair:2   | Identified the +1 cloak of the Old World {MR+ Int+3} (Okawaru gifted it to you on level 2 of the Lair of Beasts)
 14861 | Lair:3   | Noticed gg19's ghost (journeyman DEWz)
 14884 | Lair:3   | Killed gg19's ghost
 15588 | Lair:4   | Reached skill level 10 in Shields
 15649 | Lair:4   | Found a staircase to the Shoals.
 15691 | Lair:4   | Reached skill level 10 in Armour
 15978 | Lair:4   | Received a gift from Okawaru
 16013 | Lair:4   | Found a staircase to the Snake Pit.
 16780 | Lair:5   | Noticed a four-headed hydra
 16819 | Lair:4   | Killed a four-headed hydra
 16819 | Lair:4   | Reached skill level 13 in Fighting
 16952 | Lair:5   | Reached XP level 13. HP: 88/88 MP: 13/13
 17652 | Lair:6   | Received a gift from Okawaru
 17659 | Lair:6   | Got a spiked chain mail {god gift}
 17660 | Lair:6   | Identified the +3 chain mail of Qenaown {rF- MR+ Str+8 Slay+2} (Okawaru gifted it to you on level 6 of the Lair of Beasts)
 18408 | Lair:6   | Reached skill level 14 in Fighting
 19346 | Lair:7   | Found a viscous altar of Jiyva.
 19486 | Lair:7   | Found a staircase to the Slime Pits.
 19581 | Lair:7   | Found an oddly glowing altar of Pakellas.
 19899 | Lair:7   | Reached skill level 15 in Fighting
 19919 | Lair:7   | Received a gift from Okawaru
 19952 | Lair:7   | Gained mutation: Your large and strong wings let you fly indefinitely. [Gargoyle growth]
 19952 | Lair:7   | Reached XP level 14. HP: 95/98 MP: 14/14
 20049 | Lair:7   | Received a gift from Okawaru
 20050 | Lair:7   | Got a crude shield {god gift}
 20055 | Lair:7   | Identified the +0 shield of Agnosticism {MR- Int+3 Dex+5} (Okawaru gifted it to you on level 7 of the Lair of Beasts)
 20400 | Lair:8   | Entered Level 8 of the Lair of Beasts
 20848 | Lair:8   | Reached skill level 15 in Maces & Flails
 22260 | Orc:1    | Entered Level 1 of the Orcish Mines
 22432 | Orc:1    | Found a frozen archway.
 22441 | IceCv    | Entered an ice cave
 22503 | IceCv    | Reached skill level 16 in Fighting
 22671 | IceCv    | Got a transparent bronze ring
 22756 | IceCv    | Received a gift from Okawaru
 22757 | IceCv    | Got a crude mace {god gift}
 22766 | IceCv    | Identified the +1 mace of the Valley of Death {crush, Str+4} (Okawaru gifted it to you in an ice cave)
 22770 | IceCv    | Identified the ring "Cenaz" {-Tele +Fly MR++ Dex+2} (You found it in an ice cave)
 23075 | IceCv    | Noticed a frost giant
 23445 | IceCv    | Killed from afar by a frost giant

Vault maps used:
D:1:      dpeg_arrival_erosion, minmay_misc_feat_columns
D:2:      first_bread
D:4:      lemuel_crystal_altar, okawaru_ov_weapons_minmay,
          minmay_temple_entry_glassed_door
D:6:      kennysheep_mini, nemelex_xobeh_ov_fountains_minmay,
          minmay_misc_feat_nine_boxes, nicolae_qazlal_general_emergency,
          uniq_sigmund
D:7:      nicolae_ru_path_of_blood, ashenzari_altar_1, trog_ov_bears_minmay,
          serial_shops, nicolae_shop_behind_doors
D:8:      lair_0_dummy, hangedman_little_slice_of_home, uniq_erica
D:9:      tso_metal_star, david_orc_4, serial_shops, nicolae_shop_crystal,
          shop_statue, kennysheep_generic_room_14
Temple:   chambers_temple_12
Lair:1:   grunt_megastairs_2, uniq_nergalle, uniq_joseph, uniq_harold
Lair:2:   lemuel_old_faithful, grunt_megastairs_5, infiniplex_staircase_pool
Lair:3:   eino_small_chamber_without_monster, grunt_megastairs_1,
          bh_autumn_forest_stairs
Lair:4:   shoals_dummy_entry, minmay_snake_entry_guardpost_medium
Lair:6:   grunt_megastairs_3
Lair:7:   slime_altar_1, basic_altar, fungi_pond_lemuel,
          grunt_forest_small_clearings
Lair:8:   hangedman_lair_in_review, serial_forest, infiniplex_forest_zigzag_2,
          infiniplex_forest_clump_curved, infiniplex_forest_lined_3_way,
          infiniplex_forest_side_room, infiniplex_forest_lined_4_way,
          infiniplex_forest_clump_curved, infiniplex_forest_clump_long
Orc:1:    cheibrodos_orc_bank, portal_ice_cave_entry_ice_beasts, serial_shops,
          shop
IceCv:    ice_cave_caverns_02

Action                   |  1- 3 |  4- 6 |  7- 9 | 10-12 | 13-15 || total
-------------------------+-------+-------+-------+-------+-------++-------
Melee: Flail             |   138 |   195 |   565 |  1259 |  1533 ||  3690
       Mace              |       |       |       |       |   237 ||   237
Invok: Heroism           |       |       |     2 |     9 |    12 ||    23
 Abil: Fly               |       |       |       |       |     1 ||     1
  Use: Scroll            |       |       |    12 |     7 |    13 ||    32
       Potion            |       |       |     1 |     1 |     1 ||     3
 Stab: Distracted        |       |       |     1 |       |       ||     1
  Eat: Chunk             |     1 |    10 |    25 |    24 |    23 ||    83
       Beef jerky        |       |       |     2 |       |       ||     2
       Meat ration       |       |       |     1 |     1 |       ||     2
       Royal jelly       |       |       |     1 |       |       ||     1
